 Dungeon Crawl Stone Soup version 0.26.0-10-g1f06aea511 (webtiles) character file.

Game seed: 11541957938499403520

168 shitwizard the Chopper (level 5, -1/45 HPs)
             Began as a Demonspawn Chaos Knight on Jan 24, 2021.
             Was a Plaything of Xom.
             Succumbed to a scorpion's poison
             ... on level 4 of the Dungeon.
             The game lasted 00:06:45 (3037 turns).

shitwizard the Chopper (Demonspawn Chaos Knight)    Turns: 3037, Time: 00:06:46

Health: -1/45      AC:  5    Str: 10 (13) XL:     5   Next: 24%
Magic:  0/5        EV: 11    Int: 12 (14) God:    Xom [....*.]
Gold:   72         SH:  0    Dex:  4 (12) Spells: 4/4 levels left

rFire    . . .     SeeInvis .   a - +0 hand axe (chaos)
rCold    . . .     Faith    .   (no shield)
rNeg     . . .     Spirit   +   b - +2 leather armour
rPois    .         Reflect  .   (helmet restricted)
rElec    .         Harm     .   (no cloak)
rCorr    .         Rampage  .   (no gloves)
Will     .....                  (no boots)
Stlth    +.........             (no amulet)
HPRegen  0.15/turn              (no ring)
MPRegen  0.09/turn              (no ring)

@: lethally poisoned (-1 -> -21)
A: horns 1, deterioration 1, robust 1, wild magic 1, magic shield
a: Renounce Religion


You were on level 4 of the Dungeon.
You worshipped Xom.
You were a beloved toy of Xom.
You visited 1 branch of the dungeon, and saw 4 of its levels.

You collected 72 gold pieces.

Inventory:

Hand Weapons
 a - a +0 hand axe of chaos (weapon)
 d - a +0 hunting sling
 h - a +0 hunting sling
Missiles
 l - 90 stones (quivered)
Armour
 b - a +2 leather armour (worn)
 c - a +1 hat
 e - a +0 kite shield
 g - a +2 helmet of intelligence
Wands
 i - a wand of digging (1)
 j - a wand of iceblast (1)
Scrolls
 f - 3 scrolls of remove curse
 n - 4 scrolls of identify


   Skills:
 - Level 3.0 Fighting
 + Level 5.4 Axes
 - Level 1.7 Armour
 - Level 0.8 Dodging


You had 4 spell levels left.
You didn't know any spells.
Your spell library was empty.

Dungeon Overview and Level Annotations

Branches:
Dungeon (3/15)

Altars:

Annotations:
D:3 Sigmund


Innate Abilities, Weirdness & Mutations

You have a pair of small horns on your head.
When hurt, damage is shared between your health and your magic reserves.
Your body sometimes deteriorates upon taking damage.
You are robust. (+10% HP)
Your spells are a little harder to cast, but a little more powerful.


Message History

You feel sick.
* * * LOW HITPOINT WARNING * * *
You feel sick.
* * * LOW HITPOINT WARNING * * *
You feel sick.
You aren't carrying any potions.
Okay, then.
Keep equipping yourself?
* * * LOW HITPOINT WARNING * * *
You feel sick.
The scorpion seems less confused.
You start putting on your armour.
You continue putting on your glowing hat.
* * * LOW HITPOINT WARNING * * *
You feel sick. The scorpion stings you!
* * * LOW HITPOINT WARNING * * *
Your body deteriorates!
You feel clumsy.
You are more poisoned.
The scorpion poisons you!
You continue putting on your glowing hat.
You die...
Xom laughs nastily!

###..# ##....####
###........####
###.............##
#................#
...#............#
#..............#
#......s.......#
##.....@.......#
#.............#
#.............#
#.............#
#.............#
#.............#
##...........##
#...........#
##.#........##


You could see a scorpion (berserk, fast).

Vanquished Creatures
  A howler monkey (D:3)
  An orc priest (D:3)
  2 adders
  An ooze (D:1)
  A worm (D:2)
  A leopard gecko (D:2)
  5 orcs
  2 bats
  3 giant cockroaches
  8 goblins
  7 hobgoblins
  5 jackals
  9 kobolds
  A quokka (D:2)
  5 frilled lizards
  15 rats
67 creatures vanquished.

Vanquished Creatures (collateral kills)
  An adder (D:3)
  A frilled lizard (D:3)
2 creatures vanquished.

Vanquished Creatures (others)
  A giant cockroach (D:3)
1 creature vanquished.

Grand Total: 70 creatures vanquished

Notes
Turn   | Place    | Note
-------+----------+-------------------------------------------
     0 | D:1      | shitwizard the Demonspawn Chaos Knight began the quest for
                  | the Orb.
     0 | D:1      | Reached XP level 1. HP: 18/18 MP: 1/1
    96 | D:1      | XOM: potion effect (brilliance)
   102 | D:1      | Reached skill level 3 in Axes
   122 | D:1      | Gained mutation: You have a pair of small horns on your
                  | head. [demonic ancestry]
   122 | D:1      | Reached XP level 2. HP: 19/24 MP: 2/2
   410 | D:1      | Reached XP level 3. HP: 27/29 MP: 3/3
   803 | D:1      | XOM: give mutations
   803 | D:1      | Gained mutation: You are robust. (+10% HP) [Xom's mischief]
   803 | D:1      | Gained mutation: Your body sometimes deteriorates upon
                  | taking damage. [Xom's mischief]
   803 | D:1      | Gained mutation: Your spells are a little harder to cast,
                  | but a little more powerful. [Xom's mischief]
  1034 | D:1      | Reached skill level 4 in Axes
  1266 | D:2      | XOM: summons 2 hostile demons
  1696 | D:2      | XOM: god gift: runed helmet {god gift}
  1779 | D:2      | XOM: 1-stop teleportation journey
  2164 | D:3      | Gained mutation: When hurt, damage is shared between your
                  | health and your magic reserves. [demonic ancestry]
  2164 | D:3      | Reached XP level 4. HP: 33/38 MP: 4/4
  2193 | D:3      | XOM: 1-stop teleportation journey
  2202 | D:3      | Reached skill level 5 in Axes
  2237 | D:3      | Noticed an orc warrior
  2260 | D:3      | Noticed Sigmund
  2271 | D:3      | XOM: summons 3 friendly demons
  2273 | D:3      | HP: 1/38 [adder (1)]
  2606 | D:2      | Reached XP level 5. HP: 8/45 MP: 1/5
  2792 | D:2      | XOM: god gift: wooden wand {god gift}
  2885 | D:3      | You fall into a shaft and drop 1 floor!
  3036 | D:4      | HP: 1/45 [scorpion (9)]
  3037 | D:4      | Succumbed to a scorpion's poison

Illustrated notes

Levels and vault maps discovered:
D:1:      dpeg_arrival_radiant, layout_loops_corners
D:2:      layout_loops_ring
D:3:      layout_rooms, uniq_grinder, uniq_sigmund
D:4:      layout_cave_pods

Skill      XL: |  1  2  3  4 |
---------------+-------------+-----
Axes           | 3 4 5 |  5.4
Fighting       | |  3.0
Armour         | |  1.7
Dodging        | |  0.8

Action                   |  1- 3 |  4- 6 || total
-------------------------+-------+-------++-------
Melee: Hand axe          |   120 |    79 ||   199
       Headbutt          |    11 |     7 ||    18
Evoke: Wand              |       |     3 ||     3
  Use: Scroll            |     4 |     2 ||     6
       Potion            |     4 |     2 ||     6
 Stab: Paralysed         |     1 |     1 ||     2
Armor: Leather armour    |    76 |    27 ||   103
Dodge: Dodged            |   105 |    58 ||   163
